 Dungeon Crawl Stone Soup version 0.31.0-12-g77e489cdc1 (webtiles) character file.

Game seed: 16833261233733786300

5 PaiMei the Grave Robber (level 1, -1/13 HPs)
             Began as a Demonspawn Necromancer on Mar 5, 2024.
             Slain by a goblin
             ... wielding a +0 dagger
              (2 damage)
             ... on level 1 of the Dungeon.
             The game lasted 00:00:30 (185 turns).

PaiMei the Grave Robber (Demonspawn Necromancer)     Turns: 185, Time: 00:00:30

Health: -1/13      AC:  2    Str:  8    XL:     1   Next: 66%
Magic:  1/3        EV: 12    Int: 15    God:
Gold:   38         SH:  0    Dex: 13    Spells: 3/4 levels left

rFire   . . .        (no weapon)
rCold   . . .        (no shield)
rNeg    . . .        a - +0 robe
rPois   .            (no helmet)
rElec   .            (no cloak)
rCorr   .            (no gloves)
SInv    .            (no boots)
Will    .....        (no amulet)
Stlth   ++           (no ring)
HPRegen 0.22/turn    (no ring)
MPRegen 0.08/turn

%: no passive effects
@: no status effects
A: no striking features
a: no special abilities


You were on level 1 of the Dungeon.
You visited 1 branch of the dungeon, and saw 1 of its levels.

You collected 38 gold pieces.

Inventory:

Armour
 a - a +0 robe (worn)
Scrolls
 c - a scroll of vulnerability {unknown}
 d - a scroll of revelation {unknown}
Potions
 b - a potion of magic


   Skills:
 + Level 1.9 Dodging
 + Level 2.0 Stealth
 + Level 2.1 Spellcasting
 + Level 4.4 Necromancy


You had 3 spell levels left.
You knew the following spells:

 Your Spells              Type           Power      Damage    Failure   Level
a - Necrotise             Necr           60%        1d7       3%          1

Your spell library contained the following spells:

 Spells                   Type           Power      Damage    Failure   Level
 Vampiric Draining        Necr           15%        2d7       11%         3
 Animate Dead             Necr           15%        N/A       34%         4
 Curse of Agony           Necr           15%        N/A       67%         5


Dungeon Overview and Level Annotations

Branches:
Dungeon (1/15)

Altars:


Message History

The ball python constricts you.
You escape the ball python's grasp.
Your jackal skeleton closely misses the ball python.
You see here a +0 helmet.
The ball python attacks as it pursues you!
The ball python closely misses you. The ball python barely misses you.
The ball python attacks as it pursues you!
The ball python bites you but does no damage.
The ball python closely misses you.
The ball python attacks as it pursues you!
The ball python closely misses you. The ball python grabs you.
The ball python constricts you.
You escape the ball python's grasp.
Your jackal skeleton bites the ball python.
A ball python comes into view.
Found 9 gold pieces.
The ball python attacks as it pursues you!
The ball python bites you but does no damage.
The ball python barely misses you.
The ball python attacks as it pursues you!
The ball python barely misses you. The ball python grabs you.
The ball python constricts you.
You escape the ball python's grasp.
Found a runed mace.
Found a robe.
The goblin attacks as it pursues you! The goblin hits you with a +0 dagger.
The ball python attacks as it pursues you!
The ball python bites you. The ball python grabs you.
The ball python constricts you. The goblin attacks as it pursues you!
The goblin hits you with a +0 dagger.
* * * LOW HITPOINT WARNING * * *
The ball python bites you.
* * * LOW HITPOINT WARNING * * *
The ball python constricts you.
You escape the ball python's grasp.
The ball python hisses angrily.
Your jackal skeleton misses the ball python.
Found a whip.
The goblin attacks as it pursues you! The goblin hits you with a +0 dagger.
You die...

#.............##.#g.#
#.............#..##.#
#.............#.###..
#.Z.............####.
##.......... .....##.
###SJ...$.... ...#..#.
#..S......... ...##...
###....g....... ........
#......@....... ........
#......S...........#####
#.....[.......##........
#............##...#.....
#.......................
#..............#..######
##.........#........####
#.)..##.#...###......##
##..###....wS..


You could see an endoplasm, a goblin, 3 ball pythons and a friendly jackal
skeleton.

Vanquished Creatures
  An endoplasm (D:1)
  A giant cockroach (D:1)
  A jackal (D:1)
  A goblin (D:1)
  A rat (D:1)
5 creatures vanquished.

Notes
Turn   | Place    | Note
-------+----------+-------------------------------------------
     0 | D:1      | PaiMei the Demonspawn Necromancer began the quest for the
                  | Orb.
     0 | D:1      | Reached XP level 1. HP: 13/13 MP: 3/3
   185 | D:1      | Slain by a goblin

Illustrated notes

Levels and vault maps discovered:
D:1:      minmay_arrival_pointy, layout_rooms

Skill      XL: |  1 |
---------------+----+-----
Stealth        | 2 |  2.0
Dodging        | |  1.9
Spellcasting   | |  2.1
Necromancy     | |  4.4

Action                     || total
---------------------------++-------
   Cast: Necrotise         ||    10
 Armour: Robe              ||    18
  Dodge: Dodged            ||    19
